 Dungeon Crawl Stone Soup version 0.21.1-1-g345015fe64 (webtiles) character file.

5113 Oravi the Nimble (level 10, -10/65 HPs)
             Began as a Merfolk Transmuter on May 1, 2018.
             Was a Believer of Okawaru.
             Hit by a large rock thrown by a cyclops (31 damage)
             ... on level 9 of the Dungeon.
             The game lasted 00:46:35 (9156 turns).

Oravi the Nimble (Merfolk Transmuter)               Turns: 9156, Time: 00:46:35

Health: -10/65     AC:  5    Str: 14    XL:     10   Next: 58%
Magic:  1/13       EV: 23    Int: 16    God:    Okawaru [**....]
Gold:   502        SH:  2    Dex: 20    Spells: 4/13 levels left

rFire    + + .     SeeInvis .     - Unarmed
rCold    + + .     Gourm    .   (no shield)
rNeg     + + .     Faith    .   b - +1 robe
rPois    .         Spirit   .   (no helmet)
rElec    +         Reflect  +   n - scarf {rC+ rF+}
rCorr    .         Harm     .   o - +0 pair of gloves
MR       .....                  A - +0 pair of boots of the Cooper {rElec rN++ Dex+5}
Stlth    ++........             l - +2 amulet of reflection
HPRegen  0.20/turn              h - ring of protection from fire
MPRegen  0.13/turn              (no ring)

@: about to teleport
A: change form in water, swift swim, stealthy swim, cold resistance 1, strong 2
a: Heroism, Renounce Religion


You were on level 9 of the Dungeon.
You worshipped Okawaru.
Okawaru was pleased with you.
You were hungry.

You visited 2 branches of the dungeon, and saw 10 of its levels.

You collected 502 gold pieces.

Inventory:

Hand Weapons
 D - the cursed +2 spear of Change {flame, +Blink}
   (You found it on level 8 of the Dungeon)

   It has been specially enchanted to burn those struck by it, causing extra
   injury to most foes and up to half again as much damage against particularly
   susceptible opponents.
   It lets you blink.
   It has a curse placed upon it.
 E - the +6 halberd "Ogreslayer" {elec, rF+ Int+4, unknown}
   (You found it on level 8 of the Dungeon)

   Occasionally, upon striking a foe, it will discharge some electrical energy
   and cause terrible harm.
   It affects your intelligence (+4).
   It protects you from fire.
Missiles
 a - 85 arrows
 e - 202 stones
 f - 3 tomahawks of dispersal (quivered)
 s - 7 tomahawks
 t - 4 steel tomahawks
 u - 2 throwing nets
Armour
 b - a +1 robe (worn)
 j - a +0 pair of boots
 n - a scarf of resistance (worn)
 o - a +0 pair of gloves (worn)
 y - a +2 leather armour of magic resistance
 A - the +0 pair of boots of the Cooper (worn) {rElec rN++ Dex+5}
   (You found it on level 8 of the Dungeon)

   It affects your dexterity (+5).
   It insulates you from electricity.
   It greatly protects you from negative energy.
Jewellery
 h - a ring of protection from fire (left hand)
 l - a +2 amulet of reflection (around neck)
Wands
 z - a wand of disintegration (10)
 C - a wand of iceblast (14)
Scrolls
 m - 6 scrolls of remove curse
 p - 4 scrolls of blinking
 q - a scroll of enchant weapon
 v - 2 scrolls of teleportation
 x - a scroll of fog
Potions
 i - 2 potions of lignification
 k - 2 potions of flight
 w - a potion of agility
 B - a potion of brilliance {unknown}
Books
 c - a book of Changes

   Spells                             Type                      Level
   a - Beastly Appendage              Transmutation                1
   b - Sticks to Snakes               Transmutation                2
   c - Spider Form                    Transmutation/Poison         3
   d - Ice Form                       Ice/Transmutation            4
   e - Blade Hands                    Transmutation                5
Comestibles
 d - 13 rations


   Skills:
 - Level 1.1 Fighting
 + Level 12.4 Dodging
 + Level 11.7 Unarmed Combat
 - Level 2.0 Spellcasting
 - Level 7.0 Transmutations
 - Level 3.0 Poison Magic


You had 4 spell levels left.
You knew the following spells:

 Your Spells              Type           Power        Failure   Level  Hunger
a - Spider Form           Tmut/Pois      ###.......   8%          3    ###....
b - Sticks to Snakes      Tmut           ###.....     1%          2    ###....
c - Ice Form              Ice/Tmut       ##......     43%         4    #####..


Dungeon Overview and Level Annotations

Branches:
Dungeon (9/15)             Temple (1/1) D:5            Lair (0/6) D:9
    Orc: D:9-12

Altars:
Ashenzari
Cheibriados
Dithmenos
Elyvilon
Fedhas
Gozag
Hepliaklqana
Kikubaaqudgha
Makhleb
Nemelex Xobeh
Okawaru
Qazlal
Sif Muna
Trog
Uskayaw
Vehumet
Wu Jian
Xom
Yredelemnul
Zin
The Shining One

Shops:
D:5 %[   D:7 *


Innate Abilities, Weirdness & Mutations

You revert to your normal form in water.
You are very nimble and swift while swimming.
You are very stealthy in the water. (Stealth+)
Your flesh is cold resistant. (rC+)
Your muscles are very strong. (Str +4)


Message History

The troll is almost dead.
Your transformation has ended.
Your scarf of resistance unmelds from your body.
Your +0 pair of gloves unmelds from your body.
The +0 pair of boots of the Cooper {rElec rN++ Dex+5} unmelds from your body.
Your +1 robe unmelds from your body.
You feel resistant to extremes of temperature.
You kill the troll!
Okawaru accepts your kill.
The cyclops throws a large rock.
The large rock hits you!
Casting: Spider Form
Confirm with . or Enter, or press ? or * to list all spells.
You don't have enough magic to cast that spell.
As you read the scroll of teleportation, it crumbles to dust.
You feel strangely unstable.
The cyclops throws a large rock.
The large rock hits you!!
* * * LOW HITPOINT WARNING * * *
You feel better.
The cyclops throws a large rock.
The large rock hits you!!
You die...

≈..≈≈≈≈≈≈..≈≈≈............
≈..≈..............÷.......
......≈...............$...
##..####...............###
#..# #...............#
#..# #..#####C.#######
#..# #..# #..# #..# #..#
#(.#######
##..####..#####.@......#
.............####'#....#
.............# .# ....
########..#### .# ### #..#
%# #..# ## #..# #..# ..#


You could see a cyclops.

Vanquished Creatures
  The ghost of Oravi the Insei, a novice MfTm of Okawaru (D:6)
  A troll (D:9)
  A spriggan (D:9)
  A water moccasin (D:8)
  The ghost of Tegun the Skirmisher, an amateur OgSk (D:4)
  Duvessa (D:7)
  3 ice beasts
  3 phantoms
  3 sky beasts
  A necrophage (D:8)
  An eye of draining (D:9)
  An orc warrior (D:7)
  An ogre (D:3)
  3 wolves
  5 bullfrogs
  A gnoll sergeant (D:8)
  Dowan (D:7)
  A water moccasin zombie (D:7)
  2 scorpions
  7 killer bees
  3 wights (D:8)
  An electric eel (D:8)
  4 howler monkeys
  2 crimson imps (D:8)
  8 hounds
  2 jellies
  An orc wizard (D:5)
  3 orc priests
  The ghost of fartsinmyface the Sneak, a weakling FeEn (D:3)
  3 gnoll shamans (D:3)
  An iguana (D:7)
  4 worker ants
  A hound skeleton (D:5)
  A worker ant zombie (D:6)
  44 gnolls
  8 adders
  4 shadow imps
  2 oozes
  4 adder skeletons
  7 leopard geckos
  17 orcs
  4 giant cockroaches
  8 goblins
  5 hobgoblins (D:1)
  22 jackals
  A kobold (D:2)
  4 quokkas
  4 ball pythons
  6 bats
  4 frilled lizards
  3 jackal skeletons
  2 leopard gecko skeletons
  4 rats
227 creatures vanquished.

Vanquished Creatures (collateral kills)
  An orc warrior (D:7)
  A phantom (D:9)
  An ooze (D:6)
3 creatures vanquished.

Grand Total: 230 creatures vanquished

Notes
Turn   | Place    | Note
-------+----------+-------------------------------------------
     0 | D:1      | Oravi the Merfolk Transmuter began the quest for the Orb.
     0 | D:1      | Reached XP level 1. HP: 15/15 MP: 3/3
    39 | D:1      | Reached XP level 2. HP: 12/21 MP: 5/5
   547 | D:1      | Reached XP level 3. HP: 21/26 MP: 4/6
   551 | D:1      | Learned a level 2 spell: Sticks to Snakes
   555 | D:1      | Learned a level 3 spell: Spider Form
  1154 | D:2      | Reached skill level 1 in Poison Magic
  1154 | D:2      | Reached XP level 4. HP: 14/32 MP: 0/7
  1400 | D:2      | Found an ornate altar of the Wu Jian Council.
  1630 | D:2      | Reached XP level 5. HP: 37/37 MP: 4/8
  1902 | D:3      | Reached skill level 5 in Transmutations
  1934 | D:3      | Found a blossoming altar of Fedhas.
  1937 | D:3      | Noticed fartsinmyface's ghost (weakling FeEn)
  2088 | D:3      | Reached skill level 5 in Unarmed Combat
  2158 | D:3      | Reached XP level 6. HP: 42/43 MP: 5/9
  2788 | D:3      | Killed fartsinmyface's ghost
  2962 | D:3      | Reached skill level 3 in Dodging
  3399 | D:3      | Reached XP level 7. HP: 38/48 MP: 7/10
  3408 | D:3      | Reached skill level 4 in Dodging
  3676 | D:3      | Reached skill level 5 in Dodging
  4359 | D:4      | Noticed Tegun's ghost (amateur OgSk)
  4393 | D:4      | Killed Tegun's ghost
  4393 | D:4      | Reached XP level 8. HP: 42/54 MP: 2/11
  4628 | D:4      | Reached skill level 6 in Dodging
  4748 | D:4      | You fall through a shaft!
  4748 | D:5      | Entered Level 5 of the Dungeon
  5201 | D:4      | Found a blossoming altar of Fedhas.
  5319 | D:5      | Found Huttotra's Food Boutique.
  5343 | D:5      | Found a staircase to the Ecumenical Temple.
  5352 | Temple   | Entered the Ecumenical Temple
  5685 | D:5      | Found a sparkling altar of Nemelex Xobeh.
  5793 | D:5      | Reached skill level 7 in Dodging
  5849 | D:5      | Found Waxkiycyg's Armour Boutique.
  6242 | D:6      | Reached skill level 8 in Dodging
  6282 | D:6      | Reached XP level 9. HP: 53/59 MP: 3/12
  6392 | D:6      | Noticed Oravi's ghost (novice MfTm)
  6413 | D:6      | Killed Oravi's ghost
  6413 | D:6      | Reached skill level 9 in Dodging
  6636 | D:6      | Found a bloodstained altar of Trog.
  6684 | D:6      | Gained mutation: Your muscles are strong. (Str +2) [potion of mutation]
  6684 | D:6      | Gained mutation: Your muscles are very strong. (Str +4) [potion of mutation]
  6684 | D:6      | Gained mutation: Your flesh is cold resistant. (rC+) [potion of mutation]
  6775 | D:7      | Noticed Duvessa
  6776 | D:7      | Noticed Dowan
  6787 | D:7      | Killed Duvessa
  6794 | D:7      | Killed Dowan
  6879 | D:7      | Reached skill level 10 in Dodging
  6984 | D:7      | Found a shadowy altar of Dithmenos.
  7020 | D:7      | Found an iron altar of Okawaru.
  7035 | D:7      | Became a worshipper of Warmaster Okawaru
  7118 | D:7      | Reached skill level 10 in Unarmed Combat
  7145 | D:7      | Found a glowing silver altar of Zin.
  7274 | D:7      | Found Ahuchoet's Assorted Antiques.
  7609 | D:8      | Reached * piety under Okawaru
  7625 | D:8      | Found a sparkling altar of Nemelex Xobeh.
  7721 | D:8      | Reached skill level 11 in Dodging
  7721 | D:8      | Reached XP level 10. HP: 65/65 MP: 9/13
  7736 | D:8      | Learned a level 4 spell: Ice Form
  8190 | D:8      | Got a pair of distressingly furry boots
  8356 | D:8      | Got a pitted spear
  8359 | D:8      | Got a brightly glowing halberd
  8376 | D:8      | Identified the +0 pair of boots of the Cooper {rElec rN++ Dex+5} (You found it on level 8 of the Dungeon)
  8503 | D:8      | Identified the cursed +2 spear of Change {flame, +Blink} (You found it on level 8 of the Dungeon)
  8840 | D:9      | Reached ** piety under Okawaru
  8883 | D:9      | Found a staircase to the Lair.
  8896 | D:9      | Reached skill level 12 in Dodging
  9144 | D:9      | Noticed a cyclops
  9156 | D:9      | Hit by a large rock thrown by a cyclops

Skill      XL: |  1  2  3  4  5  6  7  8  9 10 |
---------------+-------------------------------+-----
Transmutations | 3 4 5 6 7 |  7.0
Unarmed Combat | 4 5 7 8 10 11 | 11.7
Poison Magic   | 1 2 3 |  3.0
Dodging        | 3 5 8 11 12 | 12.4
Fighting       | |  1.1
Spellcasting   | |  2.0

Action                   |  1- 3 |  4- 6 |  7- 9 | 10-12 || total
-------------------------+-------+-------+-------+-------++-------
Melee: Unarmed           |    67 |   164 |   401 |   116 ||   748
       Headbutt          |     3 |       |       |       ||     3
Throw: Stone             |    35 |    13 |    16 |     4 ||    68
       Tomahawk          |       |       |       |     2 ||     2
 Cast: Beastly Appendage |    13 |     1 |       |       ||    14
       Spider Form       |     5 |    35 |    56 |    17 ||   113
       Sticks to Snakes  |       |     3 |    19 |     3 ||    25
 Abil: End Transformatio |       |       |       |     1 ||     1
Evoke: Wand              |       |       |       |     2 ||     2
  Use: Scroll            |     4 |     2 |    12 |     2 ||    20
       Potion            |     1 |       |     3 |     2 ||     6
 Stab: Sleeping          |     2 |     3 |     4 |       ||     9
       Distracted        |       |       |     1 |       ||     1
  Eat: Chunk             |     2 |    12 |    19 |     3 ||    36
       Ration            |       |       |     1 |     1 ||     2
Armor: Robe              |     6 |     7 |     2 |       ||    15
       Skin              |       |     7 |     6 |     1 ||    14
Dodge: Dodged            |    54 |   122 |   314 |   136 ||   626
Block: Other             |     1 |     3 |    13 |     2 ||    19
       Reflection        |     1 |       |       |       ||     1
